Map: Tourmaline LE

Players

Eyebroo

  • Race: Zerg Zerg
  • League: Diamond
  • Spawn Location: 1:00

HoldTheDoor - Winner!

  • Race: Protoss Protoss
  • League: Diamond
  • Spawn Location: 7:00

VOD

Have the link to the VOD?

Description

Time

  • Played on: May 25, 2026, 1:39 p.m.
  • Length: 8:24
Show
View Real Time Build Order
Export as new Build Order

Eyebroo Zerg 

Build Orders: Pool First 

Get SALT Encoding   

  12  0:01  Drone  
  13  0:08  Drone  
  14  0:17  Extractor, Drone  
  14  0:21  Extractor  
  14  0:22  Drone  
  14  0:28  Overlord  
  16  0:42  Spawning Pool  
  15  0:46  Drone  
  16  0:50  Drone  
  17  1:13  Drone  
  17  1:16  Drone  
  19  1:25  Hatchery  
  18  1:30  Queen  
  20  1:42  Extractor, Zergling x2  
  20  1:52  Hatchery  
  19  1:54  Drone  
  19  1:57  Drone  
  19  2:00  Drone  
  22  2:20  Overlord  
  22  2:25  Overlord  
  22  2:36  Queen  
  24  2:40  Overlord  
  24  2:41  Drone  
  24  2:42  Drone x2  
  27  2:52  Drone x2  
  27  2:53  Drone  
  27  2:55  Drone  
  31  3:01  Drone  
  32  3:21  Queen  
  32  3:22  Drone x2  
  32  3:26  Spine Crawler  
  35  3:29  Metabolic Boost  
  35  3:32  Drone x3  
  38  3:38  Drone x2  
  40  3:44  Lair  
  40  3:50  Drone  
  40  3:52  Drone  
  40  3:54  Zergling x4  
  40  3:55  Zergling x4  
  46  4:05  Drone  
  47  4:11  Spore Crawler  
  47  4:13  Drone x4, Spore Crawler  
  47  4:15  Overlord x2  
  49  4:20  Spore Crawler  
  48  4:44  Zergling x6  
  48  4:45  Zergling x4  
  53  4:50  Spine Crawler  
  53  4:52  Drone x2  
  54  4:53  Spine Crawler  
  52  5:04  Zergling x14  
  52  5:05  Zergling x8  
  57  5:18  Zergling x6  
  57  5:19  Zergling x2  
  56  5:32  Zergling x6  
  48  5:45  Zergling x6  
  48  5:53  Queen x3  
  52  5:59  Hatchery  
  52  6:02  Zergling x6  
  52  6:03  Zergling x6  
  53  6:14  Zergling x2  
  53  6:15  Zergling x4  
  56  6:25  Baneling Nest, Drone x3  
  55  6:26  Drone x4  
  56  6:53  Evolution Chamber  
  55  6:54  Drone  
  55  6:55  Drone x2, Spine Crawler  
  55  6:58  Zergling x4  
  59  7:03  Extractor  
  58  7:09  Hydralisk Den  
  58  7:14  Extractor  
  58  7:15  Drone  
  57  7:16  Queen  
  57  7:17  Queen x2  
  60  7:26  Baneling x4  
  60  7:27  Baneling x6  
  52  7:38  Zergling x10  
  52  7:39  Zergling x16  
  45  7:52  Zergling x4  
  45  7:53  Zergling x6  
Show
View Real Time Build Order
Export as new Build Order

HoldTheDoor Protoss - Winner!

Build Orders:  

Get SALT Encoding   

  12  0:00  Probe  
  13  0:12  Probe  
  14  0:19  Pylon  
  14  0:24  Probe  
  15  0:36  Probe  
  15  0:39  Gateway  
  16  0:45  Probe  
  16  0:47  Assimilator  
  17  1:09  Forge  
  18  1:11  Probe  
  18  1:23  Probe  
  19  1:32  Cybernetics Core  
  19  1:43  Photon Cannon  
  19  1:45  Probe  
  20  2:02  Nexus  
  20  2:04  Probe  
  21  2:09  Warp Gate  
  21  2:12  Stalker  
  23  2:26  Pylon  
  23  2:44  Probe, Robotics Facility  
  24  2:46  Stalker  
  26  2:56  Probe  
  27  3:03  Gateway  
  27  3:08  Probe  
  28  3:18  Probe  
  29  3:20  Probe  
  29  3:21  Warp Prism  
  30  3:31  Probe  
  30  3:32  Probe  
  34  3:43  Probe  
  34  3:44  Gateway, Probe  
  34  3:48  Gateway  
  36  3:55  Probe  
  37  3:59  Gateway  
  37  4:02  Gateway  
  37  4:16  Gateway  
  37  4:19  Gateway  
  37  4:20  Pylon  
  37  4:33  Stalker  
  37  4:34  Stalker  
  41  4:41  Zealot  
  41  4:43  Stalker  
  45  5:01  Zealot x4  
  45  5:02  Zealot  
  51  5:19  Zealot  
  53  5:28  Pylon  
  43  5:30  Zealot x4  
  43  5:31  Zealot  
  43  5:32  Pylon  
  43  5:34  Pylon  
  49  5:41  Zealot  
  49  5:42  Zealot  
  49  5:43  Zealot  
  41  5:55  Stalker x2  
  43  5:57  Zealot x3  
  49  6:14  Zealot x3  
  55  6:23  Stalker x3  
  61  6:31  Pylon  
  61  6:33  Pylon  
  61  6:40  Zealot x3  
  67  6:49  Observer  
  67  6:59  Zealot  
  67  7:00  Zealot x4  
  78  7:16  Stalker x2  
  78  7:17  Stalker  
  84  7:30  Zealot x3  
  84  7:31  Zealot  
  92  7:43  Stalker x3  
  74  8:01  Zealot  
  74  8:02  Zealot x4  
  78  8:17  Zealot  
Tags
 
Matchup
PvZ
Opening
Pool First
Replay Pack
SC2Mai2026
Spawn Locations
Cross Positions
Add a new tag
Caveats
  • Supply blocks, unpowered buildings, or Contaminate may cause inaccurate times.
  • Supply counts are checked every 10 seconds.